 Dungeon Crawl Stone Soup version 0.29-a0-371-g91724d5b39 (webtiles) character file.

Game seed: 17607311183297389817

626 spaghetti the Covert (level 7, -2/66 HPs)
             Began as a Gnoll Delver on May 2, 2022.
             Slain by a steam dragon (5 damage)
             ... on level 6 of the Dungeon.
             The game lasted 00:03:12 (1730 turns).

spaghetti the Covert (Gnoll Delver)                 Turns: 1730, Time: 00:03:12

Health: -2/66      AC:  4    Str: 13    XL:     7   Next: 47%
Magic:  10/10      EV: 14    Int:  9    God:
Gold:   16         SH:  5    Dex: 16    Spells: 11/11 levels left

rFire   . . .      SeeInvis .     - Unarmed
rCold   . . .      Faith    .   (no shield)
rNeg    . . .      Spirit   .   a - +0 leather armour
rPois   .          Reflect  +   (no helmet)
rElec   .          Harm     .   (no cloak)
rCorr   .          Rampage  .   (no gloves)
Will    .....                   (no boots)
Stlth   +++++.....              d - amulet of reflection
HPRegen 0.21/turn               (no ring)
MPRegen 0.12/turn               (no ring)

@: hasted, very quick
A: fangs 1, strong nose, distributed training, thin skeletal structure 1, robust
1, shaggy fur 1, subdued magic 1
a: no special abilities


You were on level 6 of the Dungeon.
You visited 1 branch of the dungeon, and saw 2 of its levels.

You collected 16 gold pieces.


Innate Abilities, Weirdness & Mutations

You have very sharp teeth.
Your uncanny sense of smell can sniff out nearby items.
Your experience applies equally to all skills.
You have a somewhat thin skeletal structure. (Dex +2, Stealth+)
You are robust. (+10% HP)
You are covered in fur. (AC +1)
Your spells are a little easier to cast, but a little less powerful.


   Skills:
 + Level 7.0 Fighting
 + Level 2.5 Short Blades
 + Level 2.5 Long Blades
 + Level 2.5 Axes
 + Level 2.5 Maces & Flails
 + Level 2.5 Polearms
 + Level 2.5 Staves
 + Level 2.5 Slings
 + Level 2.5 Bows
 + Level 2.5 Crossbows
 + Level 2.5 Throwing
 + Level 2.5 Armour
 + Level 5.2 Dodging
 + Level 9.9 Stealth
 + Level 2.5 Shields
 + Level 5.2 Unarmed Combat
 + Level 2.5 Spellcasting
 + Level 2.0 Conjurations
 + Level 2.0 Hexes
 + Level 2.0 Summonings
 + Level 2.0 Necromancy
 + Level 2.0 Translocations
 + Level 2.0 Transmutations
 + Level 2.0 Fire Magic
 + Level 2.0 Ice Magic
 + Level 2.0 Air Magic
 + Level 2.0 Earth Magic
 + Level 2.0 Poison Magic
 + Level 2.8 Invocations
 + Level 2.5 Evocations


You had 11 spell levels left.
You didn't know any spells.
Your spell library was empty.

Inventory:

Missiles
 h - 9 stones (quivered) {throwing}
 i - 3 boomerangs {throwing}
 k - 3 poisoned darts {throwing}
Armour
 a - a +0 leather armour (worn)
Jewellery
 d - an amulet of reflection (around neck)
   (You found it on level 5 of the Dungeon)
Wands
 f - a wand of digging (3)
Scrolls
 b - a scroll of fog
 c - 3 scrolls of magic mapping {!r}

Dungeon Overview and Level Annotations

Branches:
Dungeon (6/15)
 Temple: D:4-7

Altars:
Zin

Annotations:
D:5 exclusion: 2 doors

♣♣♣...♣♣♣♣...........
∆ ♣♣♣♣♣.....#.>......
♣....♣.#........
...♣♣♣♣.#.......#
..♣♣♣ ..#....$#..
♣♣♣...###........ ∆
....# #.....#..
#..##.....#..
#..@Ds.......
##.##O....... #.
#.....#.. ##
##..###.. ..# #.# ∆
.# ∆ .#


You could see a steam dragon, an ogre and a scorpion.


Message History

The ogre attacks as you move away! You block the ogre's attack.
You block the scorpion's attack. You block the hound's attack.
The scorpion misses you. The scorpion attacks as you move away!
The scorpion misses you. The hound attacks as you move away!
The hound barely misses you. You block the hound's attack.
The scorpion attacks as you move away! The scorpion stings you. 😕 HP[-2]
You take 2 damage, and now have 64/66 hp.
The hound bites you but does no damage.
You block the scorpion's attack. 😕 HP[+1]
You block the hound's attack.
You hit the hound but do no damage. The hound bites you. 😕 HP[-1]
You take 1 damage, and now have 64/66 hp.
You hit the hound but do no damage. You block the hound's attack.
The hound barely misses you.
You closely miss the hound. You bite the hound.
The hound barely misses you. 😕 HP[+1]
You barely miss the hound. Your bite misses the hound.
The hound barely misses you.
You miss the hound. The hound misses you. The hound barely misses you.
You punch the hound! The hound closely misses you.
You barely miss the hound. The hound closely misses you.
You closely miss the hound. The hound bites you but does no damage.
The hound closely misses you. 😎 HP[+1]
Your hp is fully restored (66).
You hit the hound. The hound closely misses you.
You miss the hound. The hound barely misses you.
The hound completely misses you.
You closely miss the hound. The hound closely misses you.
You barely miss the hound. You block the hound's attack.
You hit the hound. You block the hound's attack. The hound bites you. 😕 HP[-1]
You take 1 damage, and now have 65/66 hp.
You hit the hound.
You kill the hound!
You hit the steam dragon. The steam dragon bites you!
The steam dragon closely misses you. 😕 HP[-8]
You take 8 damage, and now have 57/66 hp.
You barely miss the steam dragon. Your bite misses the steam dragon.
The steam dragon closely misses you. You block the steam dragon's attack.
You hit the steam dragon. You block the steam dragon's attack.
The steam dragon misses you.
You barely miss the steam dragon. Your bite misses the steam dragon.
The steam dragon bites you!
You block the steam dragon's attack. 😮 HP[-8]
You take 8 damage, and now have 49/66 hp.
You hit the steam dragon but do no damage.
You block the steam dragon's attack. The steam dragon claws you. 😮 HP[-4]
You take 4 damage, and now have 45/66 hp.
Okay, then.
Okay, then.
Okay, then.
As you read the scroll labelled DOUHENGYAHU, it crumbles to dust.
Your body is wracked with pain!
* * * LOW HITPOINT WARNING * * *
The steam dragon convulses!
The scorpion convulses!
The ogre convulses!
It was a scroll of torment.
The steam dragon barely misses you.
The steam dragon claws you but does no damage. 😨 HP[-21]
You take 21 damage, and now have 24/66 hp.
MASSIVE DAMAGE!! (PAUSE) Unknown command.
You hit the steam dragon but do no damage.
The steam dragon misses you. The steam dragon claws you.
* * * LOW HITPOINT WARNING * * *
😨 HP[-5]
You take 5 damage, and now have 19/66 hp.
You barely miss the steam dragon. The steam dragon bites you.
* * * LOW HITPOINT WARNING * * *
The steam dragon barely misses you. 😱 HP[-6]
You take 6 damage, and now have 13/66 hp.
You hit the steam dragon but do no damage.
You block the steam dragon's attack. The steam dragon claws you.
* * * LOW HITPOINT WARNING * * *
😱 HP[-1]
You take 1 damage, and now have 12/66 hp.
You hit the steam dragon but do no damage. 😱 HP[+1]
You hit the steam dragon but do no damage.
Your punch misses the steam dragon. The steam dragon barely misses you.
The steam dragon claws you but does no damage.
Okay, then.
You hit the steam dragon but do no damage.
The steam dragon bites you!
* * * LOW HITPOINT WARNING * * *
The steam dragon misses you. 😱 HP[-10]
You take 10 damage, and now have 3/66 hp.
Okay, then.
Okay, then.
You feel yourself speed up. The steam dragon misses you.
The steam dragon claws you.
You die...

Skill      XL: |  1  2  3  4  5  6  7 |
---------------+----------------------+-----
Stealth        | |  9.9
Short Blades   | 1 2 |  2.5
Long Blades    | 1 2 |  2.5
Axes           | 1 2 |  2.5
Maces & Flails | 1 2 |  2.5
Polearms       | 1 2 |  2.5
Staves         | 1 2 |  2.5
Slings         | 1 2 |  2.5
Bows           | 1 2 |  2.5
Crossbows      | 1 2 |  2.5
Throwing       | 1 2 |  2.5
Armour         | 1 2 |  2.5
Shields        | 1 2 |  2.5
Spellcasting   | 1 2 |  2.5
Invocations    | 1 2 |  2.8
Evocations     | 1 2 |  2.5
Conjurations   | 1 2 |  2.0
Hexes          | 1 2 |  2.0
Summonings     | 1 2 |  2.0
Necromancy     | 1 2 |  2.0
Translocations | 1 2 |  2.0
Transmutations | 1 2 |  2.0
Fire Magic     | 1 2 |  2.0
Ice Magic      | 1 2 |  2.0
Air Magic      | 1 2 |  2.0
Earth Magic    | 1 2 |  2.0
Poison Magic   | 1 2 |  2.0
Dodging        | 5 |  5.2
Unarmed Combat | 5 |  5.2
Fighting       | 7 |  7.0

Action                   |  1- 3 |  4- 6 |  7- 9 || total
-------------------------+-------+-------+-------++-------
Melee: Unarmed           |     9 |    69 |    64 ||   142
       Bite              |     1 |     7 |     5 ||    13
       Punch             |       |       |     2 ||     2
Throw: Stone             |       |     8 |       ||     8
       Boomerang         |       |       |     2 ||     2
  Use: Potion            |       |     2 |     2 ||     4
       Scroll            |       |     1 |     2 ||     3
 Stab: Sleeping          |     1 |     4 |     1 ||     6
Armor: Skin              |       |    10 |       ||    10
       Leather armour    |       |    13 |     9 ||    22
Dodge: Dodged            |     5 |    39 |    50 ||    94
Block: Other             |       |       |    15 ||    15

Levels and vault maps discovered:
D:5:      minmay_bubble_buster, layout_gridville,
          nicolae_ru_sacrificial_ziggurat
D:6:      layout_rooms, nicolae_uskayaw_dance_studio,
          mainiacjoe_overflow_catch_the_wave, serial_bayou_pond_e

Notes
Turn   | Place    | Note
-------+----------+-------------------------------------------
     0 | D:5      | Reached skill level 9 in Stealth
     0 | D:5      | spaghetti the Gnoll Delver began the quest for the Orb.
     0 | D:5      | Reached XP level 1. HP: 23/23 MP: 1/1
     0 | D:5      | magus.rc [v1.9.6]
    55 | D:5      | Noticed a scorpion
    64 | D:5      | Killed a scorpion
    65 | D:5      | Reached skill level 1 in Short Blades
    65 | D:5      | Reached skill level 1 in Long Blades
    65 | D:5      | Reached skill level 1 in Axes
    65 | D:5      | Reached skill level 1 in Maces & Flails
    65 | D:5      | Reached skill level 1 in Polearms
    65 | D:5      | Reached skill level 1 in Staves
    65 | D:5      | Reached skill level 1 in Slings
    65 | D:5      | Reached skill level 1 in Bows
    65 | D:5      | Reached skill level 1 in Crossbows
    65 | D:5      | Reached skill level 1 in Throwing
    65 | D:5      | Reached skill level 1 in Armour
    65 | D:5      | Reached skill level 1 in Shields
    65 | D:5      | Reached skill level 1 in Spellcasting
    65 | D:5      | Reached skill level 1 in Invocations
    65 | D:5      | Reached skill level 1 in Evocations
    65 | D:5      | Reached XP level 2. HP: 17/29 MP: 1/3
    65 | D:5      | Reached XP level 3. HP: 20/35 MP: 1/4
   219 | D:5      | Reached XP level 4. HP: 41/41 MP: 5/5
   227 | D:5      | Reached skill level 1 in Conjurations
   227 | D:5      | Reached skill level 1 in Hexes
   227 | D:5      | Reached skill level 1 in Summonings
   227 | D:5      | Reached skill level 1 in Necromancy
   227 | D:5      | Reached skill level 1 in Translocations
   227 | D:5      | Reached skill level 1 in Transmutations
   227 | D:5      | Reached skill level 1 in Fire Magic
   227 | D:5      | Reached skill level 1 in Ice Magic
   227 | D:5      | Reached skill level 1 in Air Magic
   227 | D:5      | Reached skill level 1 in Earth Magic
   227 | D:5      | Reached skill level 1 in Poison Magic
   280 | D:5      | Noticed a black bear
   295 | D:5      | Killed a black bear
   296 | D:5      | Reached XP level 5. HP: 38/47 MP: 5/7
   477 | D:5      | Reached skill level 2 in Invocations
   477 | D:5      | Reached XP level 6. HP: 44/53 MP: 8/8
   531 | D:5      | Noticed a water moccasin
   545 | D:5      | Killed a water moccasin
   546 | D:5      | Reached skill level 2 in Short Blades
   546 | D:5      | Reached skill level 2 in Long Blades
   546 | D:5      | Reached skill level 2 in Axes
   546 | D:5      | Reached skill level 2 in Maces & Flails
   546 | D:5      | Reached skill level 2 in Polearms
   546 | D:5      | Reached skill level 2 in Staves
   546 | D:5      | Reached skill level 2 in Slings
   546 | D:5      | Reached skill level 2 in Bows
   546 | D:5      | Reached skill level 2 in Crossbows
   546 | D:5      | Reached skill level 2 in Throwing
   546 | D:5      | Reached skill level 2 in Armour
   546 | D:5      | Reached skill level 5 in Dodging
   546 | D:5      | Reached skill level 2 in Shields
   546 | D:5      | Reached skill level 5 in Unarmed Combat
   546 | D:5      | Reached skill level 2 in Spellcasting
   546 | D:5      | Reached skill level 2 in Evocations
   912 | D:5      | HP: 13/53 [gnoll shaman/+0 whip (3)]
   915 | D:5      | HP: 6/53 [phantom (5)]
   917 | D:5      | Reached XP level 7. HP: 7/59 MP: 10/10
   917 | D:5      | Gained mutation: You are covered in fur. (AC +1) [potion of
                  | mutation]
   917 | D:5      | Gained mutation: Your spells are a little easier to cast,
                  | but a little less powerful. [potion of mutation]
   917 | D:5      | Gained mutation: You are robust. (+10% HP) [potion of
                  | mutation]
   917 | D:5      | Gained mutation: You have a somewhat thin skeletal
                  | structure. (Dex +2, Stealth+) [potion of mutation]
  1026 | D:5      | HP: 7/64 [gnoll shaman/+0 whip (13)]
  1132 | D:5      | Reached skill level 7 in Fighting
  1513 | D:5      | Reached skill level 2 in Conjurations
  1513 | D:5      | Reached skill level 2 in Hexes
  1513 | D:5      | Reached skill level 2 in Summonings
  1513 | D:5      | Reached skill level 2 in Necromancy
  1513 | D:5      | Reached skill level 2 in Translocations
  1513 | D:5      | Reached skill level 2 in Transmutations
  1513 | D:5      | Reached skill level 2 in Fire Magic
  1513 | D:5      | Reached skill level 2 in Ice Magic
  1513 | D:5      | Reached skill level 2 in Air Magic
  1513 | D:5      | Reached skill level 2 in Earth Magic
  1513 | D:5      | Reached skill level 2 in Poison Magic
  1677 | D:6      | Found a glowing silver altar of Zin.
  1687 | D:6      | Noticed a steam dragon
  1725 | D:6      | HP: 13/66 [steam dragon (6)]
  1729 | D:6      | HP: 3/66 [steam dragon (10)]
  1730 | D:6      | Slain by a steam dragon

Vanquished Creatures
  A water moccasin (D:5)
  A black bear (D:5)
  A phantom (D:5)
  A necrophage (D:5)
  A scorpion (D:5)
  5 hounds
  A gnoll shaman (D:5)
  An iguana (D:5)
  2 adders (D:5)
  5 orcs (D:5)
  2 quokkas (D:5)
21 creatures vanquished.

Table legend:
 A = Non-vault XP
 B = Vault XP
 C = Vault XP percentage of total XP
 D = Non-vault monster count
 E = Vault monster count
 F = Vault count percentage of total count
                 A         B        C        D         E       F
            +---------+---------+-------+---------+---------+-------
      Total |     308 |     587 |  65.6 |       8 |      13 |  61.9
            +---------+---------+-------+---------+---------+-------
        D:5 |     266 |     587 |  68.8 |       7 |      13 |  65.0
        D:6 |      42 |       0 |   0.0 |       1 |       0 |   0.0
            +---------+---------+-------+---------+---------+-------

Illustrated notes

Table legend:
 A = Kills in this place as a percentage of kills in entire the game.
 B = Kills by you in this place as a percentage of kills by you in the entire game.
 C = Kills by friends in this place as a percentage of kills by friends in the entire game.
 D = Other kills in this place as a percentage of other kills in the entire game.
 E = Experience gained in this place as a percentage of experience gained in the entire game.
 F = Experience gained in this place divided by the number of levels of this place that you have seen.
                   A       B       C       D       E      F
               +-------+-------+-------+-------+-------+----------------------
         Total | 100.0 | 100.0 |   N/A |   N/A | 100.0 | 447.5
       Dungeon | 100.0 | 100.0 |   N/A |   N/A | 100.0 | 447.5
               +-------+-------+-------+-------+-------+----------------------

Table legend: (Time is in decaauts)
 A = Elapsed time spent in this place.
 B = Non-inter-level travel time spent in this place.
 C = Inter-level travel time spent in this place.
 D = Time resting spent in this place.
 E = Time spent auto-exploring this place.
 F = Levels seen in this place.
 G = Mean time per level.
                   A        B        C        D        E       F      G
               +--------+--------+--------+--------+--------+-----+--------+
         Total |   1717 |   1696 |     21 |    942 |    442 |   2 |  858.5 |
       Dungeon |   1717 |   1696 |     21 |    942 |    442 |   2 |  858.5 |
               +--------+--------+--------+--------+--------+-----+--------+

Top non-repeatable levels by time:
     D:5: 1665 daAuts
     D:6: 51 daAuts
